[ PARTIDA AOE2 · #460554850 ]
Team RMCeltas vs Spanish
[ ANÁLISIS DE REPETICIÓN · EXTRAÍDO DE LA PARTIDA GRABADA ]
Feudal
11:14
Castillos
22:06
Imperial
—
| APM promedio | 15.2 |
| APM pico | 49 |
| eAPM promedio | 13.3 |
| Aldeanos / militares | 134 / 117 |
Foco
⚔️ 32.2% · 🌾 67.8%
Spearman ×52 · Trade Cog ×28 · Militia ×14 · Fire Galley ×14 · Demolition Raft ×13 · Monk ×11
Feudal
12:30
Castillos
25:31
Imperial
50:07
| APM promedio | 10.2 |
| APM pico | 28 |
| eAPM promedio | 7.3 |
| Aldeanos / militares | 132 / 120 |
Foco
⚔️ 34.3% · 🌾 65.7%
Fire Galley ×40 · Galley ×30 · Archer ×25 · Transport Ship ×7 · Fishing Ship ×6 · War Elephant ×6
Feudal
12:08
Castillos
24:57
Imperial
42:11
| APM promedio | 21.6 |
| APM pico | 137 |
| eAPM promedio | 15.2 |
| Aldeanos / militares | 80 / 97 |
Foco
⚔️ 30.5% · 🌾 69.5%
Militia ×84 · Fishing Ship ×16 · Trade Cog ×12 · Battering Ram ×6 · Transport Ship ×4 · Demolition Raft ×1
Feudal
13:00
Castillos
22:34
Imperial
37:19
| APM promedio | 23.8 |
| APM pico | 52 |
| eAPM promedio | 13.6 |
| Aldeanos / militares | 123 / 224 |
Foco
⚔️ 33.4% · 🌾 66.6%
Militia ×104 · Galley ×55 · Spearman ×46 · Fishing Ship ×35 · Unknown (2626) ×33 · Unknown (1795) ×17
Feudal
12:25
Castillos
24:01
Imperial
41:24
| APM promedio | 11.8 |
| APM pico | 26 |
| eAPM promedio | 8.8 |
| Aldeanos / militares | 95 / 143 |
Foco
⚔️ 34.3% · 🌾 65.7%
Knight ×83 · Coustillier ×27 · Scorpion ×15 · Fishing Ship ×10 · Trebuchet (Packed) ×8 · Battering Ram ×5
Feudal
10:52
Castillos
—
Imperial
—
| APM promedio | 3.1 |
| APM pico | 27 |
| eAPM promedio | 2.4 |
| Aldeanos / militares | 22 / 1 |
Foco
⚔️ 22.6% · 🌾 77.4%
Fishing Ship ×1 · Transport Ship ×1
Feudal
11:45
Castillos
24:27
Imperial
—
| APM promedio | 10.9 |
| APM pico | 46 |
| eAPM promedio | 6.1 |
| Aldeanos / militares | 46 / 53 |
Foco
⚔️ 30.8% · 🌾 69.2%
Militia ×39 · Fishing Ship ×12 · Galley ×10 · Transport Ship ×4
Feudal
10:43
Castillos
22:24
Imperial
40:15
| APM promedio | 13.2 |
| APM pico | 38 |
| eAPM promedio | 9.0 |
| Aldeanos / militares | 106 / 133 |
Foco
⚔️ 29.7% · 🌾 70.3%
Fire Galley ×54 · Galley ×41 · Fishing Ship ×23 · Unknown (2626) ×17 · Cannon Galleon ×15 · Demolition Raft ×10
Mapa de la partida
Recursos iniciales + cada clic de construcción. Líneas = muros · curvas = relieve. ◆ oro · ⬟ piedra · ● bayas · ✦ reliquia · ◌ hueco del cierre
Tu base· ✓ Separados por el mapa
Base de gamezduarte· ✓ Separados por el mapa
Base de RAN· ✓ Separados por el mapa
Base de Mr Potato· ✓ Separados por el mapa
Base de danielcfelipe· ✓ Separados por el mapa
Base de nacelaz· ✓ Separados por el mapa
Base de Surfer's Gambit· ✓ Separados por el mapa
Base de ARTETA· ✓ Separados por el mapa
Terreno inicial suavizado · ◌ = hueco del cierre detectado · pasá el cursor para detalles
Inputs por minuto
— Megaherz - - gamezduarte
Build order — Megaherz
Primeras 150 de 447 acciones detectadas
| 0:04 | Construir | House |
| 0:06 | Construir | House |
| 0:09 | Crear | Villager (Male) |
| 0:10 | Crear | Villager (Male) |
| 0:10 | Crear | Villager (Male) |
| 0:10 | Crear | Villager (Male) |
| 0:10 | Crear | Villager (Male) |
| 0:12 | Investigar | Loom |
| 1:39 | Crear | Villager (Male) |
| 1:40 | Crear | Villager (Male) |
| 2:41 | Crear | Villager (Male) |
| 2:42 | Crear | Villager (Male) |
| 3:03 | Crear | Villager (Male) |
| 3:03 | Crear | Villager (Male) |
| 3:04 | Crear | Villager (Male) |
| 3:09 | Construir | House |
| 3:16 | Construir | Mill |
| 3:55 | Crear | Villager (Male) |
| 4:34 | Crear | Villager (Male) |
| 4:41 | Construir | House |
| 5:07 | Crear | Villager (Male) |
| 5:36 | Crear | Villager (Male) |
| 5:37 | Crear | Villager (Male) |
| 6:34 | Crear | Villager (Male) |
| 6:35 | Crear | Villager (Male) |
| 6:54 | Construir | Lumber Camp |
| 7:13 | Crear | Villager (Male) |
| 7:39 | Crear | Villager (Male) |
| 7:41 | Crear | Villager (Male) |
| 7:49 | Crear | Villager (Male) |
| 8:27 | Construir | House |
| 8:29 | Construir | House |
| 8:50 | Investigar | Feudal Age |
| 9:17 | Construir | Dock |
| 10:58 | Crear | Fishing Ship |
| 11:00 | Crear | Fishing Ship |
| 11:02 | Crear | Transport Ship |
| 11:14 | Edad | Edad Feudal |
| 11:34 | Crear | Fishing Ship |
| 11:34 | Crear | Fishing Ship |
| 11:34 | Crear | Fishing Ship |
| 11:34 | Crear | Fishing Ship |
| 11:35 | Crear | Fishing Ship |
| 11:35 | Crear | Fishing Ship |
| 11:35 | Crear | Fishing Ship |
| 11:41 | Crear | Villager (Male) |
| 11:41 | Crear | Villager (Male) |
| 11:42 | Crear | Villager (Male) |
| 11:42 | Crear | Villager (Male) |
| 11:42 | Crear | Villager (Male) |
| 11:43 | Crear | Villager (Male) |
| 11:43 | Crear | Villager (Male) |
| 11:47 | Investigar | Double-Bit Axe |
| 13:10 | Construir | Farm |
| 13:12 | Construir | Farm |
| 13:15 | Construir | Farm |
| 13:21 | Crear | Villager (Male) |
| 14:12 | Construir | House |
| 14:20 | Construir | Farm |
| 14:21 | Construir | Farm |
| 14:22 | Construir | Farm |
| 14:29 | Construir | House |
| 14:30 | Construir | House |
| 15:18 | Construir | Mill |
| 15:22 | Construir | Barracks |
| 15:39 | Investigar | Horse Collar |
| 15:48 | Construir | Mining Camp |
| 15:59 | Construir | Mining Camp |
| 16:02 | Crear | Villager (Male) |
| 16:02 | Crear | Villager (Male) |
| 16:03 | Crear | Villager (Male) |
| 16:03 | Crear | Villager (Male) |
| 16:06 | Crear | Villager (Male) |
| 16:12 | Construir | Farm |
| 16:13 | Construir | Farm |
| 16:15 | Construir | Farm |
| 16:29 | Construir | Market |
| 16:41 | Construir | House |
| 17:29 | Construir | Blacksmith |
| 17:38 | Construir | Mining Camp |
| 17:44 | Crear | Villager (Male) |
| 17:44 | Crear | Villager (Male) |
| 18:18 | Crear | Militia |
| 18:32 | Construir | Farm |
| 18:33 | Construir | Farm |
| 18:34 | Construir | Farm |
| 18:54 | Crear | Villager (Male) |
| 18:54 | Crear | Villager (Male) |
| 18:55 | Crear | Villager (Male) |
| 18:55 | Crear | Villager (Male) |
| 18:56 | Crear | Villager (Male) |
| 18:58 | Construir | Lumber Camp |
| 19:26 | Investigar | Castle Age |
| 19:26 | Investigar | Castle Age |
| 19:49 | Crear | Militia |
| 20:45 | Construir | Mining Camp |
| 20:52 | Crear | Militia |
| 20:58 | Crear | Villager (Male) |
| 20:58 | Crear | Villager (Male) |
| 20:58 | Crear | Villager (Male) |
| 20:59 | Investigar | Wheelbarrow |
| 21:01 | Investigar | Town Watch |
| 21:08 | Crear | Villager (Male) |
| 21:08 | Crear | Villager (Male) |
| 21:14 | Crear | Demolition Raft |
| 21:14 | Crear | Demolition Raft |
| 21:15 | Crear | Demolition Raft |
| 21:15 | Crear | Demolition Raft |
| 22:06 | Edad | Edad de los Castillos |
| 22:08 | Investigar | Bow Saw |
| 22:11 | Construir | Town Center |
| 22:22 | Construir | Town Center |
| 22:52 | Crear | Militia |
| 22:54 | Investigar | Man-at-Arms (upgrade) |
| 22:54 | Investigar | Gambesons |
| 22:55 | Investigar | Arson |
| 22:58 | Crear | Militia |
| 23:08 | Construir | House |
| 23:09 | Construir | House |
| 23:10 | Construir | House |
| 23:16 | Investigar | Scale Mail Armor |
| 23:16 | Investigar | Forging |
| 23:43 | Crear | Villager (Male) |
| 23:44 | Crear | Villager (Male) |
| 23:44 | Crear | Villager (Male) |
| 23:44 | Crear | Villager (Male) |
| 24:03 | Crear | Villager (Male) |
| 24:03 | Crear | Villager (Male) |
| 25:04 | Construir | Mill |
| 25:08 | Crear | Villager (Male) |
| 25:08 | Crear | Villager (Male) |
| 25:08 | Crear | Villager (Male) |
| 25:09 | Crear | Villager (Male) |
| 25:09 | Crear | Villager (Male) |
| 25:09 | Crear | Villager (Male) |
| 25:10 | Crear | Villager (Male) |
| 25:40 | Construir | Monastery |
| 25:48 | Construir | Stable |
| 25:59 | Construir | University |
| 26:03 | Construir | Mining Camp |
| 26:10 | Investigar | Long Swordsman (upgrade) |
| 26:10 | Crear | Militia |
| 26:29 | Crear | Villager (Male) |
| 26:30 | Crear | Villager (Male) |
| 26:30 | Crear | Villager (Male) |
| 26:30 | Crear | Villager (Male) |
| 26:30 | Crear | Villager (Male) |
| 26:57 | Construir | Town Center |
| 27:06 | Construir | Town Center |
| 27:24 | Construir | House |
Build order — gamezduarte
Primeras 150 de 257 acciones detectadas
| 0:03 | Crear | Villager (Male) ×5 |
| 0:13 | Construir | House |
| 0:14 | Construir | House |
| 0:15 | Construir | House |
| 1:37 | Crear | Villager (Male) |
| 1:37 | Crear | Villager (Male) |
| 2:12 | Construir | Dock |
| 2:14 | Crear | Villager (Male) |
| 2:14 | Crear | Villager (Male) |
| 2:56 | Crear | Villager (Male) |
| 2:58 | Crear | Villager (Male) |
| 3:35 | Crear | Villager (Male) |
| 3:46 | Crear | Villager (Male) |
| 4:14 | Crear | Villager (Male) |
| 4:34 | Construir | Lumber Camp |
| 4:58 | Crear | Villager (Male) |
| 4:59 | Crear | Villager (Male) |
| 5:23 | Crear | Villager (Male) |
| 6:02 | Crear | Villager (Male) |
| 6:02 | Crear | Villager (Male) |
| 6:03 | Crear | Villager (Male) |
| 6:05 | Crear | Fishing Ship |
| 6:18 | Construir | House |
| 6:19 | Construir | House |
| 6:55 | Investigar | Loom |
| 6:55 | Crear | Villager (Male) |
| 7:08 | Crear | Transport Ship |
| 7:30 | Crear | Villager (Male) |
| 7:52 | Construir | Mill |
| 8:09 | Crear | Fishing Ship |
| 9:32 | Crear | Fishing Ship |
| 9:45 | Construir | House |
| 9:47 | Construir | House |
| 9:48 | Construir | House |
| 9:49 | Construir | House |
| 10:23 | Crear | Fishing Ship |
| 10:26 | Investigar | Feudal Age |
| 12:30 | Edad | Edad Feudal |
| 12:53 | Construir | Town Center |
| 13:39 | Crear | Fire Galley |
| 13:39 | Crear | Fire Galley |
| 14:15 | Crear | Villager (Male) ×5 |
| 14:35 | Crear | Fishing Ship |
| 14:35 | Crear | Fishing Ship |
| 15:38 | Crear | Villager (Male) |
| 15:38 | Crear | Villager (Male) |
| 16:15 | Crear | Villager (Male) |
| 16:15 | Crear | Villager (Male) |
| 16:18 | Investigar | Town Watch |
| 16:50 | Crear | Villager (Male) |
| 17:25 | Crear | Villager (Male) |
| 17:25 | Crear | Villager (Male) |
| 18:29 | Crear | Villager (Male) |
| 18:29 | Crear | Villager (Male) |
| 18:49 | Crear | Villager (Male) |
| 19:37 | Crear | Villager (Male) |
| 19:37 | Crear | Villager (Male) |
| 20:25 | Crear | Villager (Male) |
| 20:25 | Crear | Villager (Male) |
| 21:17 | Construir | Blacksmith |
| 21:31 | Construir | Barracks |
| 22:32 | Construir | Stable |
| 23:02 | Construir | Farm |
| 23:02 | Construir | Farm |
| 23:02 | Construir | Farm |
| 23:03 | Construir | Farm |
| 23:03 | Construir | Farm |
| 23:03 | Construir | Farm |
| 23:05 | Investigar | Castle Age |
| 23:13 | Investigar | Bloodlines |
| 23:14 | Crear | Scout Cavalry |
| 23:21 | Crear | Spearman |
| 23:21 | Crear | Spearman |
| 23:28 | Construir | Mining Camp |
| 24:11 | Construir | Outpost |
| 24:39 | Construir | House |
| 24:41 | Construir | House |
| 24:43 | Construir | House |
| 24:44 | Construir | House |
| 24:45 | Construir | House |
| 24:46 | Construir | House |
| 25:15 | Construir | Dock |
| 25:23 | Investigar | Wheelbarrow |
| 25:31 | Edad | Edad de los Castillos |
| 25:38 | Investigar | Double-Bit Axe |
| 26:19 | Investigar | Horse Collar |
| 26:53 | Crear | Villager (Male) |
| 26:53 | Crear | Villager (Male) |
| 26:54 | Crear | Villager (Male) |
| 27:02 | Construir | Farm |
| 27:02 | Construir | Farm |
| 27:04 | Construir | Farm |
| 27:26 | Investigar | Heavy Plow |
| 27:45 | Crear | Villager (Male) |
| 28:07 | Construir | Town Center |
| 28:27 | Construir | Farm |
| 28:27 | Construir | Farm |
| 28:27 | Construir | Farm |
| 28:39 | Crear | Villager (Male) |
| 28:40 | Crear | Villager (Male) |
| 29:10 | Investigar | Gold Mining |
| 29:42 | Crear | Fire Galley |
| 29:42 | Crear | Fire Galley |
| 29:43 | Crear | Fire Galley |
| 29:43 | Crear | Fire Galley |
| 30:30 | Investigar | Husbandry |
| 30:32 | Investigar | Light Cavalry (upgrade) |
| 30:34 | Crear | Scout Cavalry |
| 30:34 | Crear | Scout Cavalry |
| 30:35 | Crear | Scout Cavalry |
| 30:51 | Crear | Villager (Male) ×3 |
| 31:46 | Crear | Villager (Male) ×5 |
| 31:57 | Crear | Villager (Male) ×2 |
| 32:03 | Construir | Lumber Camp |
| 32:35 | Crear | Scout Cavalry |
| 32:38 | Crear | Camel Scout |
| 32:38 | Crear | Camel Scout |
| 32:45 | Investigar | Gambesons |
| 33:31 | Construir | Mining Camp |
| 33:32 | Crear | Villager (Male) ×5 |
| 33:39 | Crear | Villager (Male) |
| 33:48 | Construir | Mining Camp |
| 34:47 | Crear | Fire Galley |
| 34:47 | Crear | Fire Galley |
| 34:48 | Crear | Fire Galley |
| 34:49 | Crear | Fire Galley |
| 35:51 | Investigar | Town Patrol |
| 35:52 | Investigar | Hand Cart |
| 35:58 | Crear | Villager (Male) ×3 |
| 37:04 | Construir | House |
| 37:05 | Construir | House |
| 37:06 | Construir | House |
| 37:08 | Construir | House |
| 37:20 | Construir | Mining Camp |
| 38:17 | Crear | Villager (Male) ×5 |
| 38:26 | Crear | Villager (Male) ×5 |
| 38:38 | Investigar | Bow Saw |
| 39:01 | Construir | Farm |
| 39:01 | Construir | Farm |
| 39:02 | Construir | Farm |
| 39:02 | Construir | Farm |
| 39:02 | Construir | Farm |
| 39:02 | Construir | Farm |
| 39:09 | Construir | Farm |
| 39:09 | Construir | Farm |
| 39:09 | Construir | Farm |
| 39:31 | Crear | Villager (Male) ×5 |
| 39:38 | Construir | Lumber Camp |
| 40:22 | Construir | Castle |
| 40:56 | Construir | Stable |
Build order — RAN
Primeras 150 de 363 acciones detectadas
| 0:02 | Investigar | Loom |
| 0:02 | Crear | Villager (Male) |
| 0:03 | Crear | Villager (Male) |
| 0:03 | Crear | Villager (Male) |
| 0:03 | Crear | Villager (Male) |
| 0:03 | Crear | Villager (Male) |
| 0:03 | Crear | Villager (Male) |
| 0:08 | Construir | House |
| 0:09 | Construir | House |
| 0:10 | Construir | House |
| 0:17 | Construir | House |
| 0:18 | Construir | House |
| 0:20 | Construir | House |
| 0:27 | Construir | House |
| 0:31 | Construir | House |
| 2:23 | Crear | Villager (Male) |
| 2:24 | Crear | Villager (Male) |
| 3:17 | Crear | Villager (Male) |
| 3:36 | Crear | Villager (Male) |
| 3:46 | Crear | Villager (Male) |
| 3:47 | Crear | Villager (Male) |
| 4:01 | Crear | Villager (Male) |
| 4:16 | Crear | Villager (Male) |
| 4:37 | Crear | Villager (Male) |
| 4:39 | Crear | Villager (Male) |
| 4:49 | Crear | Villager (Male) |
| 5:17 | Crear | Villager (Male) |
| 5:17 | Crear | Villager (Male) |
| 5:38 | Crear | Villager (Male) |
| 5:47 | Crear | Villager (Male) |
| 6:46 | Construir | Mill |
| 6:57 | Crear | Villager (Male) |
| 8:43 | Construir | Lumber Camp |
| 8:49 | Crear | Villager (Male) |
| 8:52 | Construir | Lumber Camp |
| 8:56 | Crear | Villager (Male) |
| 9:18 | Investigar | Feudal Age |
| 9:39 | Construir | Mining Camp |
| 9:59 | Crear | Villager (Male) |
| 10:26 | Construir | Lumber Camp |
| 11:34 | Crear | Villager (Male) |
| 12:08 | Edad | Edad Feudal |
| 12:16 | Construir | Market |
| 12:21 | Construir | Blacksmith |
| 12:32 | Investigar | Double-Bit Axe |
| 12:46 | Crear | Villager (Male) |
| 12:46 | Crear | Villager (Male) |
| 12:47 | Crear | Villager (Male) |
| 13:11 | Crear | Villager (Male) |
| 13:20 | Investigar | Horse Collar |
| 13:49 | Crear | Villager (Male) |
| 14:01 | Crear | Villager (Male) |
| 14:14 | Construir | Dock |
| 14:33 | Construir | Dock |
| 14:47 | Crear | Villager (Male) |
| 14:56 | Crear | Demolition Raft |
| 14:59 | Crear | Fishing Ship |
| 15:01 | Investigar | Tech 906 |
| 15:05 | Crear | Transport Ship |
| 15:09 | Investigar | Tech 906 |
| 15:33 | Construir | Lumber Camp |
| 16:12 | Crear | Fishing Ship |
| 16:13 | Crear | Fishing Ship |
| 16:17 | Construir | Fish Trap |
| 16:23 | Crear | Villager (Male) |
| 16:34 | Construir | Dock |
| 16:41 | Crear | Fishing Ship |
| 16:42 | Crear | Fishing Ship |
| 17:06 | Construir | Fish Trap |
| 17:12 | Crear | Fishing Ship |
| 17:13 | Crear | Fishing Ship |
| 17:14 | Crear | Fishing Ship |
| 17:15 | Crear | Fishing Ship |
| 17:16 | Crear | Fishing Ship |
| 17:16 | Crear | Fishing Ship |
| 17:17 | Crear | Fishing Ship |
| 17:19 | Crear | Fishing Ship |
| 17:26 | Construir | Fish Trap |
| 17:35 | Construir | Fish Trap |
| 17:36 | Construir | Fish Trap |
| 18:01 | Construir | Fish Trap |
| 18:06 | Construir | House |
| 18:07 | Construir | House |
| 18:08 | Construir | House |
| 18:09 | Construir | House |
| 18:25 | Construir | Dock |
| 18:31 | Construir | Fish Trap |
| 18:31 | Construir | Fish Trap |
| 19:02 | Construir | Fish Trap |
| 19:06 | Construir | Fish Trap |
| 19:09 | Construir | Fish Trap |
| 19:17 | Crear | Transport Ship |
| 19:20 | Construir | Fish Trap |
| 19:22 | Crear | Fishing Ship |
| 19:23 | Crear | Fishing Ship |
| 19:24 | Crear | Fishing Ship |
| 19:46 | Construir | Fish Trap |
| 20:05 | Construir | Fish Trap |
| 20:06 | Construir | Fish Trap |
| 20:15 | Construir | Fish Trap |
| 20:26 | Crear | Villager (Male) |
| 20:26 | Crear | Villager (Male) |
| 20:26 | Crear | Villager (Male) |
| 20:42 | Investigar | Fletching |
| 21:19 | Construir | Barracks |
| 22:17 | Investigar | Castle Age |
| 23:01 | Investigar | Forging |
| 23:01 | Investigar | Scale Mail Armor |
| 23:15 | Investigar | Man-at-Arms (upgrade) |
| 23:29 | Construir | Barracks |
| 23:31 | Construir | Barracks |
| 23:50 | Crear | Militia |
| 23:51 | Crear | Militia |
| 23:51 | Crear | Militia |
| 23:51 | Crear | Militia |
| 24:22 | Crear | Militia |
| 24:23 | Crear | Militia |
| 24:23 | Crear | Militia |
| 24:35 | Construir | Barracks |
| 24:37 | Crear | Militia |
| 24:38 | Crear | Militia |
| 24:45 | Construir | Mining Camp |
| 24:51 | Crear | Militia |
| 24:51 | Crear | Militia |
| 24:57 | Edad | Edad de los Castillos |
| 25:01 | Investigar | Iron Casting |
| 25:02 | Investigar | Chain Mail Armor |
| 25:13 | Crear | Militia |
| 25:13 | Crear | Militia |
| 25:13 | Crear | Militia |
| 25:47 | Investigar | Squires |
| 26:04 | Investigar | Long Swordsman (upgrade) |
| 27:00 | Construir | Siege Workshop |
| 27:28 | Crear | Battering Ram |
| 27:47 | Construir | Lumber Camp |
| 27:48 | Construir | House |
| 27:49 | Construir | House |
| 27:50 | Construir | House |
| 27:50 | Construir | House |
| 27:50 | Construir | House |
| 27:51 | Construir | House |
| 27:51 | Construir | House |
| 28:05 | Crear | Battering Ram |
| 28:12 | Construir | Barracks |
| 28:15 | Construir | Barracks |
| 28:37 | Crear | Militia |
| 28:37 | Crear | Militia |
| 28:52 | Crear | Militia |
| 28:52 | Crear | Militia |
| 28:53 | Crear | Battering Ram |
Build order — Mr Potato
Primeras 150 de 351 acciones detectadas
| 0:03 | Construir | House |
| 0:05 | Construir | House |
| 0:05 | Crear | Villager (Male) |
| 0:06 | Crear | Villager (Male) |
| 0:06 | Crear | Villager (Male) |
| 0:06 | Crear | Villager (Male) |
| 0:06 | Crear | Villager (Male) |
| 1:39 | Crear | Villager (Male) |
| 1:39 | Crear | Villager (Male) |
| 2:00 | Crear | Villager (Male) |
| 2:00 | Crear | Villager (Male) |
| 2:44 | Crear | Villager (Male) |
| 2:44 | Crear | Villager (Male) |
| 2:49 | Construir | Dock |
| 2:56 | Crear | Villager (Male) |
| 2:56 | Crear | Villager (Male) |
| 3:33 | Construir | House |
| 3:34 | Construir | House |
| 3:46 | Crear | Villager (Male) |
| 3:46 | Crear | Villager (Male) |
| 4:27 | Crear | Villager (Male) |
| 4:41 | Crear | Villager (Male) |
| 4:41 | Crear | Villager (Male) |
| 4:41 | Crear | Villager (Male) |
| 4:53 | Crear | Fishing Ship |
| 5:05 | Crear | Villager (Male) |
| 5:05 | Crear | Villager (Male) |
| 5:27 | Crear | Fishing Ship |
| 5:32 | Construir | Lumber Camp |
| 5:40 | Construir | Lumber Camp |
| 6:26 | Crear | Villager (Male) |
| 6:26 | Crear | Villager (Male) |
| 6:34 | Crear | Fishing Ship |
| 6:34 | Crear | Fishing Ship |
| 7:02 | Construir | House |
| 7:08 | Crear | Villager (Male) |
| 7:09 | Crear | Villager (Male) |
| 7:09 | Crear | Villager (Male) |
| 7:28 | Crear | Fishing Ship |
| 7:33 | Construir | House |
| 8:06 | Construir | Dock |
| 8:14 | Crear | Villager (Male) |
| 8:14 | Crear | Villager (Male) |
| 8:43 | Crear | Fishing Ship |
| 8:44 | Crear | Fishing Ship |
| 8:57 | Construir | Lumber Camp |
| 9:06 | Crear | Villager (Male) |
| 9:06 | Crear | Villager (Male) |
| 9:14 | Crear | Fishing Ship |
| 9:21 | Crear | Fishing Ship |
| 9:40 | Crear | Fishing Ship |
| 9:56 | Construir | House |
| 10:09 | Crear | Fishing Ship |
| 10:17 | Construir | House |
| 10:19 | Construir | House |
| 10:25 | Crear | Villager (Male) |
| 10:25 | Crear | Villager (Male) |
| 10:25 | Crear | Villager (Male) |
| 10:46 | Investigar | Feudal Age |
| 10:54 | Construir | Mill |
| 11:01 | Construir | Mining Camp |
| 11:16 | Crear | Fishing Ship |
| 11:20 | Crear | Fishing Ship |
| 12:03 | Crear | Fishing Ship |
| 12:04 | Crear | Fishing Ship |
| 12:20 | Crear | Villager (Male) |
| 12:21 | Crear | Villager (Male) |
| 12:31 | Crear | Transport Ship |
| 13:00 | Edad | Edad Feudal |
| 13:07 | Investigar | Tech 906 |
| 13:13 | Construir | Blacksmith |
| 13:21 | Crear | Villager (Male) |
| 13:22 | Crear | Villager (Male) |
| 13:39 | Crear | Villager (Male) |
| 14:37 | Crear | Galley ×5 |
| 14:39 | Crear | Unit 2626 ×3 |
| 14:46 | Construir | House |
| 14:49 | Construir | House |
| 14:56 | Construir | House |
| 14:59 | Investigar | Double-Bit Axe |
| 15:18 | Crear | Villager (Male) |
| 15:19 | Crear | Villager (Male) |
| 15:42 | Crear | Villager (Male) |
| 15:56 | Construir | Mining Camp |
| 16:00 | Crear | Villager (Male) |
| 16:07 | Investigar | Fletching |
| 16:35 | Crear | Unit 2626 |
| 16:36 | Crear | Galley |
| 16:38 | Crear | Villager (Male) |
| 16:38 | Crear | Villager (Male) |
| 16:39 | Crear | Villager (Male) |
| 17:23 | Construir | Fish Trap |
| 17:27 | Construir | Fish Trap |
| 17:28 | Construir | Fish Trap |
| 17:29 | Construir | Fish Trap |
| 17:30 | Construir | Fish Trap |
| 17:31 | Construir | Fish Trap |
| 17:32 | Crear | Villager (Male) |
| 17:57 | Crear | Villager (Male) |
| 17:57 | Crear | Villager (Male) |
| 18:23 | Construir | House |
| 18:24 | Construir | House |
| 18:45 | Construir | Market |
| 18:52 | Construir | Market |
| 19:33 | Crear | Villager (Male) |
| 19:33 | Crear | Villager (Male) |
| 19:34 | Investigar | Castle Age |
| 20:13 | Crear | Galley ×5 |
| 20:14 | Crear | Galley ×5 |
| 20:18 | Crear | Villager (Male) |
| 20:18 | Crear | Villager (Male) |
| 20:25 | Construir | Lumber Camp |
| 20:48 | Crear | Villager (Male) |
| 21:22 | Crear | Villager (Male) |
| 21:52 | Crear | Villager (Male) |
| 21:53 | Crear | Villager (Male) |
| 21:53 | Crear | Villager (Male) |
| 22:09 | Construir | House |
| 22:10 | Construir | House |
| 22:14 | Crear | Villager (Male) |
| 22:34 | Edad | Edad de los Castillos |
| 22:36 | Investigar | War Galley (upgrade) |
| 22:39 | Investigar | Bodkin Arrow |
| 22:44 | Construir | House |
| 22:45 | Construir | House |
| 22:48 | Construir | Lumber Camp |
| 22:51 | Investigar | Bow Saw |
| 23:03 | Construir | Town Center |
| 23:07 | Construir | Town Center |
| 23:14 | Investigar | Wheelbarrow |
| 23:15 | Crear | Villager (Male) |
| 24:07 | Construir | Mining Camp |
| 24:09 | Crear | Villager (Male) |
| 24:30 | Crear | Villager (Male) |
| 24:30 | Crear | Villager (Male) |
| 24:30 | Crear | Villager (Male) |
| 25:10 | Construir | Barracks |
| 25:11 | Construir | Barracks |
| 25:12 | Construir | Barracks |
| 25:21 | Crear | Villager (Male) |
| 25:22 | Crear | Villager (Male) |
| 25:22 | Crear | Villager (Male) |
| 25:22 | Crear | Villager (Male) |
| 25:22 | Crear | Villager (Male) |
| 25:23 | Crear | Villager (Male) |
| 25:23 | Crear | Villager (Male) |
| 26:09 | Crear | Villager (Male) |
| 26:09 | Crear | Villager (Male) |
| 26:09 | Crear | Villager (Male) |
| 26:14 | Construir | Fish Trap |
Build order — danielcfelipe
Primeras 150 de 352 acciones detectadas
| 0:25 | Construir | House |
| 0:26 | Construir | House |
| 0:27 | Crear | Villager (Male) |
| 0:28 | Crear | Villager (Male) |
| 0:28 | Crear | Villager (Male) |
| 0:28 | Crear | Villager (Male) |
| 0:28 | Crear | Villager (Male) |
| 2:13 | Crear | Villager (Male) |
| 2:13 | Crear | Villager (Male) |
| 2:31 | Crear | Villager (Male) |
| 2:53 | Crear | Villager (Male) |
| 3:28 | Crear | Villager (Male) |
| 3:54 | Crear | Villager (Male) |
| 4:15 | Construir | House |
| 4:18 | Construir | House |
| 4:27 | Crear | Villager (Male) |
| 5:07 | Construir | Dock |
| 5:10 | Crear | Villager (Male) |
| 5:10 | Crear | Villager (Male) |
| 5:53 | Construir | House |
| 5:58 | Crear | Villager (Male) |
| 5:59 | Crear | Villager (Male) |
| 6:18 | Crear | Fishing Ship |
| 6:37 | Crear | Villager (Male) |
| 7:06 | Crear | Villager (Male) |
| 7:42 | Crear | Villager (Male) |
| 7:42 | Crear | Villager (Male) |
| 7:52 | Crear | Fishing Ship |
| 8:06 | Crear | Villager (Male) |
| 8:17 | Crear | Transport Ship |
| 8:34 | Construir | Lumber Camp |
| 8:41 | Crear | Villager (Male) |
| 9:25 | Investigar | Loom |
| 9:49 | Construir | Mill |
| 10:15 | Investigar | Feudal Age |
| 10:42 | Crear | Fishing Ship |
| 10:44 | Crear | Fishing Ship |
| 11:34 | Construir | House |
| 11:47 | Investigar | Double-Bit Axe |
| 11:50 | Investigar | Horse Collar |
| 12:01 | Investigar | Tech 906 |
| 12:25 | Edad | Edad Feudal |
| 13:55 | Construir | House |
| 13:56 | Construir | House |
| 13:58 | Construir | House |
| 14:02 | Investigar | Town Watch |
| 14:08 | Investigar | Bow Saw |
| 14:12 | Investigar | Heavy Plow |
| 14:40 | Crear | Villager (Male) |
| 14:40 | Crear | Villager (Male) |
| 14:40 | Crear | Villager (Male) |
| 14:46 | Crear | Villager (Male) |
| 15:10 | Construir | Barracks |
| 15:33 | Crear | Villager (Male) |
| 15:34 | Crear | Villager (Male) |
| 15:34 | Crear | Villager (Male) |
| 15:38 | Construir | Mining Camp |
| 15:58 | Crear | Villager (Male) |
| 15:58 | Crear | Villager (Male) |
| 16:07 | Construir | Stable |
| 16:39 | Construir | Lumber Camp |
| 16:47 | Crear | Fishing Ship |
| 16:47 | Crear | Fishing Ship |
| 17:13 | Construir | Farm |
| 17:34 | Crear | Fishing Ship |
| 17:38 | Construir | Farm |
| 17:41 | Crear | Villager (Male) |
| 17:53 | Construir | Mill |
| 18:02 | Construir | Farm |
| 18:20 | Construir | House |
| 18:22 | Construir | House |
| 18:28 | Construir | Farm |
| 18:32 | Crear | Villager (Male) |
| 18:37 | Crear | Demolition Raft |
| 19:01 | Construir | Farm |
| 19:02 | Crear | Villager (Male) |
| 19:13 | Construir | Blacksmith |
| 19:18 | Construir | Farm |
| 19:19 | Crear | Villager (Male) |
| 19:27 | Crear | Fishing Ship |
| 19:43 | Construir | Farm |
| 19:45 | Crear | Villager (Male) |
| 20:22 | Construir | Dock |
| 20:28 | Construir | Farm |
| 20:31 | Crear | Villager (Male) |
| 20:31 | Crear | Villager (Male) |
| 20:34 | Construir | Farm |
| 21:02 | Construir | Stable |
| 21:14 | Construir | Farm |
| 21:19 | Investigar | Castle Age |
| 21:37 | Construir | Mining Camp |
| 21:40 | Construir | Farm |
| 21:47 | Construir | Stable |
| 21:52 | Investigar | Forging |
| 22:06 | Construir | Lumber Camp |
| 22:32 | Construir | House |
| 22:34 | Construir | House |
| 22:35 | Construir | House |
| 22:36 | Construir | House |
| 22:43 | Investigar | Scale Barding Armor |
| 22:48 | Investigar | Stone Mining |
| 22:53 | Investigar | Gold Mining |
| 23:10 | Crear | Fishing Ship |
| 23:10 | Crear | Fishing Ship |
| 23:23 | Crear | Trade Cog |
| 23:25 | Crear | Trade Cog |
| 23:41 | Crear | Villager (Male) |
| 23:41 | Crear | Villager (Male) |
| 23:42 | Crear | Villager (Male) |
| 24:01 | Edad | Edad de los Castillos |
| 24:03 | Investigar | Cavalier (upgrade) |
| 24:06 | Investigar | Husbandry |
| 24:13 | Construir | Stable |
| 24:48 | Construir | Town Center |
| 24:52 | Crear | Villager (Male) |
| 24:52 | Crear | Villager (Male) |
| 24:58 | Crear | Knight |
| 24:58 | Crear | Knight |
| 25:03 | Crear | Knight |
| 25:03 | Crear | Knight |
| 25:07 | Construir | House |
| 25:09 | Construir | House |
| 25:11 | Construir | House |
| 25:25 | Crear | Knight |
| 25:25 | Crear | Knight |
| 26:03 | Crear | Knight |
| 26:16 | Crear | Villager (Male) |
| 26:16 | Crear | Villager (Male) |
| 26:16 | Crear | Villager (Male) |
| 26:19 | Crear | Villager (Male) |
| 26:31 | Investigar | Gold Shaft Mining |
| 26:55 | Construir | Town Center |
| 27:00 | Investigar | Light Cavalry (upgrade) |
| 27:41 | Crear | Villager (Male) |
| 27:41 | Crear | Villager (Male) |
| 27:42 | Crear | Villager (Male) |
| 27:52 | Investigar | Stone Shaft Mining |
| 27:56 | Investigar | Two-Man Saw |
| 27:59 | Investigar | Crop Rotation |
| 28:02 | Crear | Knight |
| 28:03 | Crear | Knight |
| 28:04 | Crear | Knight |
| 28:33 | Crear | Knight |
| 28:33 | Crear | Knight |
| 28:34 | Crear | Knight |
| 29:00 | Crear | Villager (Male) |
| 29:00 | Crear | Villager (Male) |
| 29:00 | Crear | Villager (Male) |
| 29:16 | Crear | Knight |
| 29:18 | Crear | Knight |
Build order — nacelaz
44 acciones detectadas en el replay
| 0:01 | Crear | Villager (Male) |
| 0:02 | Crear | Villager (Male) |
| 0:02 | Crear | Villager (Male) |
| 0:02 | Crear | Villager (Male) |
| 0:05 | Construir | House |
| 0:08 | Construir | House |
| 0:38 | Crear | Villager (Male) |
| 0:39 | Crear | Villager (Male) |
| 1:39 | Crear | Villager (Male) |
| 1:41 | Investigar | Loom |
| 2:31 | Construir | House |
| 2:58 | Crear | Villager (Male) |
| 3:01 | Crear | Villager (Male) |
| 3:07 | Construir | Lumber Camp |
| 3:37 | Crear | Villager (Male) |
| 4:08 | Construir | Mill |
| 4:15 | Crear | Villager (Male) |
| 4:44 | Crear | Villager (Male) |
| 5:05 | Crear | Villager (Male) |
| 5:47 | Construir | House |
| 5:52 | Crear | Villager (Male) |
| 6:14 | Crear | Villager (Male) |
| 6:39 | Crear | Villager (Male) |
| 6:59 | Construir | Dock |
| 7:15 | Crear | Villager (Male) |
| 7:45 | Construir | Mining Camp |
| 8:20 | Crear | Fishing Ship |
| 8:42 | Investigar | Feudal Age |
| 8:49 | Construir | House |
| 10:09 | Construir | House |
| 10:20 | Crear | Villager (Male) |
| 10:44 | Construir | Palisade Wall |
| 10:49 | Construir | Palisade Gate |
| 10:52 | Edad | Edad Feudal |
| 10:54 | Construir | Palisade Wall |
| 11:11 | Crear | Villager (Male) |
| 11:56 | Crear | Transport Ship |
| 12:07 | Construir | House |
| 12:20 | Crear | Villager (Male) |
| 12:23 | Crear | Villager (Male) |
| 12:29 | Construir | Farm |
| 14:10 | Construir | Barracks |
| 16:56 | Crear | Villager (Male) |
| 17:16 | Construir | Watch Tower |
Build order — Surfer's Gambit
116 acciones detectadas en el replay
| 0:02 | Crear | Villager (Male) |
| 0:02 | Crear | Villager (Male) |
| 0:03 | Crear | Villager (Male) |
| 0:03 | Crear | Villager (Male) |
| 0:06 | Construir | House |
| 0:08 | Construir | House |
| 0:21 | Investigar | Loom |
| 1:43 | Crear | Villager (Male) |
| 2:19 | Crear | Villager (Male) |
| 2:37 | Crear | Villager (Male) |
| 3:03 | Construir | Dock |
| 3:12 | Crear | Villager (Male) |
| 3:12 | Crear | Villager (Male) |
| 3:17 | Construir | House |
| 3:22 | Crear | Villager (Male) |
| 3:47 | Crear | Villager (Male) |
| 4:03 | Crear | Villager (Male) |
| 4:03 | Crear | Villager (Male) |
| 4:41 | Construir | House |
| 4:55 | Crear | Villager (Male) |
| 4:55 | Crear | Villager (Male) |
| 5:13 | Crear | Fishing Ship |
| 5:21 | Crear | Villager (Male) |
| 5:21 | Crear | Villager (Male) |
| 5:35 | Crear | Villager (Male) |
| 5:36 | Crear | Villager (Male) |
| 5:36 | Crear | Villager (Male) |
| 5:50 | Crear | Villager (Male) |
| 5:50 | Crear | Villager (Male) |
| 6:05 | Construir | Mill |
| 6:26 | Crear | Villager (Male) |
| 7:17 | Crear | Villager (Male) ×3 |
| 7:20 | Crear | Fishing Ship |
| 7:36 | Construir | House |
| 8:13 | Crear | Fishing Ship |
| 8:40 | Crear | Villager (Male) ×5 |
| 8:50 | Construir | Lumber Camp |
| 9:33 | Investigar | Feudal Age |
| 9:49 | Construir | House |
| 9:58 | Crear | Villager (Male) ×5 |
| 10:09 | Crear | Transport Ship |
| 10:09 | Crear | Transport Ship |
| 11:16 | Crear | Fishing Ship ×2 |
| 11:38 | Construir | House |
| 11:40 | Construir | House |
| 11:45 | Edad | Edad Feudal |
| 12:41 | Investigar | Tech 906 |
| 12:42 | Crear | Fishing Ship ×2 |
| 12:53 | Investigar | Double-Bit Axe |
| 13:19 | Construir | Mill |
| 14:49 | Investigar | Horse Collar |
| 15:02 | Construir | Mining Camp |
| 15:10 | Crear | Fishing Ship ×5 |
| 15:39 | Construir | Barracks |
| 16:07 | Construir | Lumber Camp |
| 16:16 | Investigar | Man-at-Arms (upgrade) |
| 16:17 | Crear | Militia ×5 |
| 16:30 | Investigar | Gold Mining |
| 16:33 | Crear | Villager (Male) ×5 |
| 16:45 | Construir | Lumber Camp |
| 17:11 | Construir | House |
| 17:13 | Construir | House |
| 17:16 | Construir | House |
| 17:57 | Construir | Dock |
| 18:06 | Construir | Dock |
| 18:22 | Crear | Militia ×5 |
| 19:01 | Crear | Militia ×5 |
| 19:16 | Construir | Market |
| 19:24 | Construir | Blacksmith |
| 19:33 | Investigar | Wheelbarrow |
| 19:34 | Investigar | Town Watch |
| 21:04 | Construir | House |
| 21:06 | Construir | House |
| 21:07 | Construir | House |
| 21:09 | Construir | House |
| 21:10 | Construir | House |
| 21:47 | Investigar | Castle Age |
| 21:51 | Investigar | Scale Mail Armor |
| 21:52 | Investigar | Forging |
| 22:59 | Crear | Galley ×5 |
| 23:06 | Crear | Galley ×5 |
| 23:37 | Construir | Barracks |
| 23:42 | Construir | Barracks |
| 23:46 | Construir | House |
| 23:47 | Construir | House |
| 23:49 | Construir | House |
| 23:50 | Construir | House |
| 23:51 | Construir | House |
| 23:52 | Construir | House |
| 23:55 | Construir | House |
| 24:27 | Edad | Edad de los Castillos |
| 25:12 | Construir | Castle |
| 26:38 | Construir | Barracks |
| 26:42 | Construir | Barracks |
| 26:44 | Construir | Barracks |
| 27:08 | Investigar | Bow Saw |
| 27:13 | Investigar | Heavy Plow |
| 27:32 | Investigar | Long Swordsman (upgrade) |
| 27:33 | Investigar | Squires |
| 27:35 | Crear | Militia ×5 |
| 27:48 | Construir | Lumber Camp |
| 28:08 | Construir | Mining Camp |
| 28:26 | Crear | Militia ×3 |
| 28:40 | Construir | House |
| 28:41 | Construir | House |
| 28:42 | Construir | House |
| 28:44 | Construir | House |
| 28:46 | Construir | House |
| 29:25 | Crear | Villager (Male) ×5 |
| 31:29 | Construir | Town Center |
| 33:43 | Crear | Militia ×5 |
| 33:43 | Crear | Militia ×5 |
| 33:44 | Crear | Militia ×5 |
| 33:44 | Crear | Militia |
| 33:57 | Crear | Transport Ship |
| 33:58 | Crear | Transport Ship |
Build order — ARTETA
Primeras 150 de 273 acciones detectadas
| 0:04 | Construir | House |
| 0:07 | Construir | House |
| 0:08 | Crear | Villager (Male) |
| 0:08 | Crear | Villager (Male) |
| 0:08 | Crear | Villager (Male) |
| 0:09 | Crear | Villager (Male) |
| 1:37 | Crear | Villager (Male) |
| 1:37 | Crear | Villager (Male) |
| 2:18 | Crear | Villager (Male) |
| 2:18 | Crear | Villager (Male) |
| 2:37 | Crear | Villager (Male) |
| 2:38 | Crear | Villager (Male) |
| 2:38 | Crear | Villager (Male) |
| 3:13 | Crear | Villager (Male) |
| 3:13 | Crear | Villager (Male) |
| 3:46 | Crear | Villager (Male) |
| 3:47 | Crear | Villager (Male) |
| 3:47 | Crear | Villager (Male) |
| 4:22 | Construir | House |
| 4:39 | Crear | Villager (Male) |
| 4:39 | Crear | Villager (Male) |
| 4:40 | Crear | Villager (Male) |
| 4:53 | Construir | Lumber Camp |
| 5:00 | Crear | Villager (Male) |
| 5:00 | Crear | Villager (Male) |
| 5:28 | Crear | Villager (Male) |
| 5:29 | Crear | Villager (Male) |
| 5:57 | Crear | Villager (Male) |
| 5:57 | Crear | Villager (Male) |
| 6:06 | Construir | House |
| 6:19 | Crear | Villager (Male) |
| 6:19 | Crear | Villager (Male) |
| 6:31 | Construir | Mill |
| 7:10 | Crear | Villager (Male) |
| 7:10 | Crear | Villager (Male) |
| 7:10 | Crear | Villager (Male) |
| 7:49 | Crear | Villager (Male) |
| 7:49 | Crear | Villager (Male) |
| 8:08 | Crear | Villager (Male) |
| 8:09 | Crear | Villager (Male) |
| 8:27 | Investigar | Feudal Age |
| 8:38 | Construir | Mining Camp |
| 8:45 | Construir | Lumber Camp |
| 9:02 | Construir | Farm |
| 9:27 | Construir | House |
| 9:29 | Construir | House |
| 9:31 | Construir | House |
| 10:14 | Crear | Villager (Male) |
| 10:15 | Crear | Villager (Male) |
| 10:16 | Crear | Villager (Male) |
| 10:43 | Edad | Edad Feudal |
| 11:03 | Crear | Villager (Male) |
| 11:10 | Investigar | Double-Bit Axe |
| 11:25 | Construir | Dock |
| 11:45 | Crear | Villager (Male) |
| 11:45 | Crear | Villager (Male) |
| 12:11 | Crear | Demolition Raft |
| 12:16 | Crear | Transport Ship |
| 12:28 | Construir | Farm |
| 12:29 | Construir | Farm |
| 12:31 | Construir | Farm |
| 12:34 | Crear | Demolition Raft |
| 12:34 | Crear | Demolition Raft |
| 13:47 | Crear | Villager (Male) |
| 13:48 | Crear | Villager (Male) |
| 13:58 | Crear | Fishing Ship |
| 13:59 | Crear | Fishing Ship |
| 14:24 | Investigar | Loom |
| 14:26 | Crear | Villager (Male) |
| 14:33 | Crear | Demolition Raft |
| 14:41 | Crear | Demolition Raft |
| 14:46 | Construir | Farm |
| 14:47 | Construir | Farm |
| 14:51 | Construir | Farm |
| 14:55 | Crear | Villager (Male) |
| 15:55 | Construir | House |
| 15:56 | Construir | House |
| 16:09 | Construir | Farm |
| 16:10 | Construir | Farm |
| 16:12 | Construir | Farm |
| 17:03 | Crear | Villager (Male) |
| 17:03 | Crear | Villager (Male) |
| 17:03 | Crear | Villager (Male) |
| 17:04 | Crear | Villager (Male) |
| 17:04 | Crear | Villager (Male) |
| 17:22 | Construir | Blacksmith |
| 17:27 | Construir | Market |
| 17:40 | Construir | Mining Camp |
| 17:44 | Crear | Villager (Male) |
| 17:45 | Crear | Villager (Male) |
| 18:00 | Construir | Farm |
| 18:54 | Crear | Villager (Male) |
| 18:54 | Crear | Villager (Male) |
| 19:08 | Construir | Mill |
| 19:20 | Construir | Barracks |
| 19:35 | Investigar | Castle Age |
| 19:49 | Crear | Unit 2626 |
| 19:49 | Crear | Unit 2626 |
| 19:49 | Crear | Unit 2626 |
| 20:12 | Construir | Dock |
| 20:16 | Construir | Dock |
| 20:19 | Construir | Dock |
| 20:24 | Investigar | Fletching |
| 20:46 | Construir | House |
| 21:16 | Crear | Villager (Male) |
| 21:38 | Crear | Unit 2626 |
| 21:39 | Crear | Fire Galley |
| 21:39 | Crear | Fire Galley |
| 21:40 | Crear | Fire Galley |
| 21:56 | Construir | Archery Range |
| 22:24 | Edad | Edad de los Castillos |
| 22:33 | Construir | University |
| 22:37 | Crear | Villager (Male) |
| 22:37 | Crear | Villager (Male) |
| 22:37 | Crear | Villager (Male) |
| 22:40 | Construir | Town Center |
| 22:45 | Crear | Villager (Male) |
| 22:45 | Crear | Villager (Male) |
| 22:45 | Crear | Villager (Male) |
| 22:56 | Construir | House |
| 22:57 | Construir | House |
| 22:58 | Construir | House |
| 23:27 | Investigar | War Galley (upgrade) |
| 23:49 | Crear | Cavalry Archer |
| 23:50 | Crear | Cavalry Archer |
| 24:04 | Crear | Villager (Male) ×5 |
| 24:34 | Investigar | Ballistics |
| 24:57 | Investigar | Tech 906 |
| 25:01 | Construir | House |
| 25:03 | Construir | House |
| 25:04 | Construir | House |
| 25:05 | Construir | House |
| 25:13 | Crear | Cavalry Archer ×2 |
| 25:34 | Crear | Villager (Male) ×5 |
| 25:36 | Construir | Farm |
| 25:52 | Crear | Galley ×2 |
| 25:55 | Crear | Fire Galley |
| 26:14 | Investigar | Tech 905 |
| 26:19 | Crear | Villager (Male) ×5 |
| 26:28 | Investigar | Thumb Ring |
| 27:04 | Crear | Fire Galley ×3 |
| 27:10 | Investigar | Careening |
| 27:31 | Crear | Demolition Raft ×5 |
| 27:39 | Crear | Fire Galley |
| 27:40 | Crear | Fire Galley |
| 27:48 | Crear | Villager (Male) ×5 |
| 27:55 | Construir | House |
| 27:56 | Construir | House |
| 27:56 | Construir | House |
| 27:56 | Construir | House |
Cronología de la partida
| 2:12 | gamezduarte · first_building Dock |
| 2:49 | Mr Potato · first_building Dock |
| 3:03 | Surfer's Gambit · first_building Dock |
| 5:07 | danielcfelipe · first_building Dock |
| 6:59 | nacelaz · first_building Dock |
| 9:17 | Megaherz · first_building Dock |
| 10:43 | ARTETA · age_up feudal |
| 10:44 | nacelaz · wall_segment Palisade Wall x3 |
| 10:52 | nacelaz · age_up feudal |
| 10:54 | nacelaz · wall_segment Palisade Wall x3 |
| 11:14 | Megaherz · age_up feudal |
| 11:25 | ARTETA · first_building Dock |
| 11:45 | Surfer's Gambit · age_up feudal |
| 12:08 | RAN · age_up feudal |
| 12:25 | danielcfelipe · age_up feudal |
| 12:30 | gamezduarte · age_up feudal |
| 13:00 | Mr Potato · age_up feudal |
| 14:10 | nacelaz · first_building Barracks |
| 14:14 | RAN · first_building Dock |
| 15:10 | danielcfelipe · first_building Barracks |
| 15:22 | Megaherz · first_building Barracks |
| 15:39 | Surfer's Gambit · first_building Barracks |
| 16:07 | danielcfelipe · first_building Stable |
| 18:34 | nacelaz · resign |
| 19:20 | ARTETA · first_building Barracks |
| 21:19 | RAN · first_building Barracks |
| 21:31 | gamezduarte · first_building Barracks |
| 21:56 | ARTETA · first_building Archery Range |
| 22:06 | Megaherz · age_up castle |
| 22:15 | RAN · first_market_buy 100 food |
| 22:24 | ARTETA · age_up castle |
| 22:32 | gamezduarte · first_building Stable |
| 22:34 | Mr Potato · age_up castle |
| 24:01 | danielcfelipe · age_up castle |
| 24:27 | Surfer's Gambit · age_up castle |
| 24:57 | RAN · age_up castle |
| 25:05 | Surfer's Gambit · first_market_buy 100 stone |
| 25:09 | RAN · first_market_sell 100 wood |
| 25:10 | Mr Potato · first_building Barracks |
| 25:12 | Surfer's Gambit · first_building Castle |
| 25:31 | gamezduarte · age_up castle |
| 25:40 | Megaherz · first_building Monastery |
| 25:48 | Megaherz · first_building Stable |
| 27:00 | RAN · first_building Siege Workshop |
| 29:22 | Megaherz · first_building Siege Workshop |
| 31:54 | Mr Potato · first_building Castle |
| 33:47 | Mr Potato · first_market_buy 100 stone |
| 33:54 | Megaherz · first_market_buy 100 food |
| 34:02 | Megaherz · first_market_sell 100 stone |
| 34:27 | danielcfelipe · first_building Castle |
| 34:49 | Megaherz · first_building Castle |
| 35:44 | danielcfelipe · first_building Siege Workshop |
| 35:59 | ARTETA · first_building Monastery |
| 36:05 | ARTETA · first_building Castle |
| 37:19 | Mr Potato · age_up imperial |
| 37:33 | RAN · first_building Monastery |
| 39:54 | danielcfelipe · first_building Monastery |
| 40:15 | ARTETA · age_up imperial |
| 40:22 | gamezduarte · first_building Castle |
| 40:58 | ARTETA · first_market_sell 500 food |
| 41:03 | ARTETA · first_market_buy 100 wood |
| 41:24 | danielcfelipe · age_up imperial |
| 42:04 | gamezduarte · first_building Archery Range |
| 42:11 | RAN · age_up imperial |
| 46:01 | Mr Potato · first_building Siege Workshop |
| 50:07 | gamezduarte · age_up imperial |
| 54:25 | Megaherz · first_building Archery Range |
| 56:15 | ARTETA · first_building Stable |
| 59:12 | Mr Potato · first_market_sell 100 wood |
[ ANÁLISIS IA · 1 CRÉDITO ]
¿Qué pasó realmente en esta partida?
Wolo.gg analiza cada decisión: build order, eco, micro, errores típicos por bracket. Análisis personalizado por WhatsApp o Discord en 30 segundos.
Guía civ
Celtas
Guía mapa
Migration
Perfil
Megaherz